AoeStats
← felixpouteau920

Migration

506399626Analyzed
1v1 RM · 17d ago on Sep 13, 2026· 33m 44s· 2 players
Game mode
Random Map
Map size
132×132
Population
200
Speed
Normal
Resources
Standard
Victory
Conquest
Starting age
Dark Age
Ending age
Imperial Age
RankedLock teamsTeams togetherTeam positionsShared explorationLock speedFull tech treeHidden civsTurbo modeCheats
Victory
Defeat
🇫🇷 Goths · France
736
+23
🇦🇷 Romans · Argentina
708
-15
sauceBoyz'
7:21 Loom
10:37 Feudal Age
14:06 Double-Bit Axe
14:41 Fishing Lines
16:08 Scale Mail Armor
17:30 Man-at-Arms
24:21 Castle Age
23:50 Scale Mail Armor
24:37 Long Swordsman
25:20 Squires
28:16 Wheelbarrow
28:22 Bow Saw
28:09 Gold Mining
31:53 Imperial Age
32:25 Chain Mail Armor
33:06 Horse Collar
felixpouteau920
10:35 Feudal Age
11:06 Double-Bit Axe
11:16 Gold Mining
12:07 Horse Collar
12:12 Fishing Lines
15:24 Stone Mining
20:39 Castle Age
19:24 Forging
19:14 Scale Mail Armor
23:29 Loom
24:24 Wheelbarrow
24:45 Gillnets
25:32 Chain Mail Armor
26:36 Bow Saw
28:22 Anarchy
31:11 Hand Cart
32:16 Heavy Plow
Connection lost

Rejoining the realm…

Still unreachable

The connection could not be restored.

Session expired

The server has moved on; the page needs a fresh start.